[ AOE2 MATCH · #489307969 ]
1v1 RMLithuanians vs Tatars
Rival team · LOSS
[ REPLAY ANALYSIS · EXTRACTED FROM THE RECORDED GAME ]
Feudal
6:22
Castle
13:23
Imperial
33:44
| APM avg | 24.6 |
| APM peak | 63 |
| eAPM avg | 15.0 |
| Villagers / military | 90 / 267 |
Focus
⚔️ 52.3% · 🌾 47.7%
Skirmisher ×124 · Leitis ×90 · Spearman ×36 · Trebuchet (Packed) ×13 · Monk ×4
Feudal
7:30
Castle
16:24
Imperial
32:11
| APM avg | 24.7 |
| APM peak | 87 |
| eAPM avg | 16.3 |
| Villagers / military | 115 / 220 |
Focus
⚔️ 44.3% · 🌾 55.7%
Skirmisher ×78 · Scout Cavalry ×62 · Cavalry Archer ×59 · Mangonel ×8 · Trebuchet (Packed) ×6 · Keshik ×5
Match map
Initial resources + every placement click. Lines = walls · curves = elevation contours. ◆ gold · ⬟ stone · ● berries · ✦ relic · ◌ wall gap
Your base· ✓ Closed at 13:23 · 0t walls · 5 gate(s)
THRASHER171's base· ✓ Closed at 16:24 · 0t walls · 8 gate(s)
Smoothed initial terrain · ◌ = detected wall gap · hover for details
Inputs per minute
— Rey_Filosofo1312 - - THRASHER171
Build order — Rey_Filosofo1312
First 150 of 494 actions detected
| 0:02 | Create | Villager (Male) |
| 0:02 | Create | Villager (Male) |
| 0:02 | Create | Villager (Male) |
| 0:03 | Create | Villager (Male) |
| 0:03 | Create | Villager (Male) |
| 0:03 | Create | Villager (Male) |
| 0:14 | Build | Mill |
| 1:20 | Create | Villager (Male) |
| 1:20 | Create | Villager (Male) |
| 1:20 | Create | Villager (Male) |
| 2:22 | Build | Lumber Camp |
| 2:49 | Create | Villager (Male) |
| 3:28 | Research | Feudal Age |
| 5:10 | Create | Villager (Male) |
| 5:10 | Create | Villager (Male) |
| 5:11 | Create | Villager (Male) |
| 5:11 | Create | Villager (Male) |
| 5:25 | Build | Mining Camp |
| 6:22 | Age | Feudal Age |
| 6:22 | Research | Double-Bit Axe |
| 6:29 | Research | Gold Mining |
| 7:09 | Create | Villager (Male) |
| 8:07 | Build | Market |
| 8:17 | Create | Villager (Male) |
| 8:44 | Create | Villager (Male) |
| 9:00 | Build | Blacksmith |
| 9:13 | Create | Villager (Male) |
| 9:39 | Create | Villager (Male) |
| 10:43 | Research | Castle Age |
| 11:20 | Research | Horse Collar |
| 12:14 | Create | Villager (Male) |
| 13:23 | Age | Castle Age |
| 13:40 | Build | Town Center |
| 13:44 | Create | Villager (Male) |
| 13:47 | Create | Leitis |
| 13:48 | Create | Leitis |
| 14:02 | Create | Villager (Male) |
| 14:03 | Create | Villager (Male) |
| 14:03 | Create | Villager (Male) |
| 14:26 | Build | Town Center |
| 14:50 | Create | Leitis |
| 15:09 | Build | Monastery |
| 15:13 | Create | Villager (Male) |
| 15:14 | Create | Villager (Male) |
| 15:15 | Create | Villager (Male) |
| 15:19 | Create | Leitis |
| 15:46 | Build | Farm |
| 15:49 | Build | Farm |
| 15:53 | Create | Villager (Male) |
| 15:54 | Create | Villager (Male) |
| 15:58 | Build | Farm |
| 16:07 | Build | Farm |
| 16:16 | Create | Villager (Male) |
| 16:18 | Create | Villager (Male) |
| 16:19 | Create | Villager (Male) |
| 16:23 | Build | Farm |
| 16:28 | Create | Monk |
| 16:33 | Create | Monk |
| 16:34 | Create | Monk |
| 16:54 | Create | Villager (Male) |
| 16:55 | Create | Villager (Male) |
| 17:04 | Build | Farm |
| 17:09 | Create | Villager (Male) |
| 17:34 | Create | Monk |
| 17:42 | Create | Leitis |
| 17:46 | Build | Archery Range |
| 17:53 | Build | Farm |
| 17:56 | Build | Farm |
| 17:57 | Create | Villager (Male) |
| 17:59 | Create | Villager (Male) |
| 18:08 | Build | House |
| 18:10 | Build | House |
| 18:32 | Build | House |
| 18:49 | Research | Wheelbarrow |
| 18:52 | Create | Villager (Male) |
| 19:04 | Create | Villager (Male) |
| 19:12 | Build | Farm |
| 19:16 | Build | Farm |
| 19:24 | Build | House |
| 19:26 | Build | House |
| 19:32 | Build | Farm |
| 19:36 | Build | Farm |
| 19:38 | Create | Villager (Male) |
| 19:41 | Create | Villager (Male) |
| 20:24 | Build | Farm |
| 20:26 | Create | Villager (Male) |
| 20:27 | Create | Villager (Male) |
| 20:28 | Create | Villager (Male) |
| 20:31 | Research | Stone Mining |
| 20:44 | Build | Archery Range |
| 20:48 | Research | Elite Skirmisher (upgrade) |
| 20:51 | Research | Fletching |
| 21:03 | Create | Leitis |
| 21:21 | Build | Stable |
| 21:24 | Create | Villager (Male) |
| 21:25 | Create | Villager (Male) |
| 21:26 | Create | Villager (Male) |
| 21:29 | Build | Farm |
| 21:42 | Build | House |
| 21:43 | Build | House |
| 21:45 | Build | House |
| 21:46 | Build | House |
| 21:47 | Build | House |
| 21:48 | Build | House |
| 21:55 | Create | Skirmisher |
| 21:55 | Create | Skirmisher |
| 21:58 | Research | Bodkin Arrow |
| 22:10 | Build | Town Center |
| 22:44 | Research | Hand Cart |
| 22:46 | Create | Villager (Male) |
| 22:57 | Create | Skirmisher |
| 23:02 | Create | Skirmisher |
| 23:05 | Research | Padded Archer Armor |
| 23:09 | Create | Villager (Male) |
| 23:21 | Create | Villager (Male) |
| 23:22 | Create | Villager (Male) |
| 23:54 | Create | Villager (Male) |
| 23:55 | Create | Villager (Male) |
| 23:56 | Create | Villager (Male) |
| 24:07 | Build | Castle |
| 24:16 | Create | Villager (Male) |
| 24:17 | Create | Villager (Male) |
| 24:18 | Create | Villager (Male) |
| 24:19 | Create | Leitis |
| 24:22 | Create | Skirmisher |
| 24:22 | Create | Skirmisher |
| 24:22 | Create | Skirmisher |
| 24:25 | Create | Skirmisher |
| 24:25 | Create | Skirmisher |
| 24:28 | Build | Archery Range |
| 24:35 | Build | Farm |
| 24:39 | Research | Leather Archer Armor |
| 25:06 | Build | Farm |
| 25:08 | Build | Farm |
| 25:11 | Create | Villager (Male) |
| 25:12 | Create | Villager (Male) |
| 25:16 | Create | Villager (Male) |
| 25:18 | Create | Villager (Male) |
| 25:20 | Create | Villager (Male) |
| 25:25 | Create | Skirmisher |
| 25:25 | Create | Skirmisher |
| 25:27 | Create | Skirmisher |
| 25:27 | Create | Skirmisher |
| 25:31 | Build | House |
| 25:32 | Build | House |
| 25:33 | Build | House |
| 25:51 | Build | Farm |
| 25:54 | Build | Farm |
| 25:56 | Create | Villager (Male) |
| 25:57 | Create | Villager (Male) |
Build order — THRASHER171
First 150 of 583 actions detected
| 0:04 | Research | Loom |
| 0:09 | Build | House |
| 0:12 | Build | House |
| 0:15 | Create | Villager (Male) |
| 0:15 | Create | Villager (Male) |
| 0:15 | Create | Villager (Male) |
| 0:20 | Create | Villager (Male) |
| 1:20 | Build | Lumber Camp |
| 1:23 | Create | Villager (Male) |
| 2:23 | Create | Villager (Male) |
| 2:53 | Create | Villager (Male) |
| 3:06 | Create | Villager (Male) |
| 3:21 | Build | Mill |
| 3:47 | Create | Villager (Male) |
| 4:14 | Create | Villager (Male) |
| 4:49 | Create | Villager (Male) |
| 5:20 | Research | Feudal Age |
| 5:20 | Research | Feudal Age |
| 5:28 | Build | Mining Camp |
| 6:21 | Build | Lumber Camp |
| 7:01 | Build | Mining Camp |
| 7:30 | Age | Feudal Age |
| 7:36 | Build | House |
| 7:37 | Build | House |
| 7:39 | Build | House |
| 7:41 | Build | House |
| 7:42 | Build | House |
| 7:43 | Build | House |
| 7:46 | Create | Villager (Male) |
| 8:15 | Create | Villager (Male) |
| 8:17 | Create | Villager (Male) |
| 9:12 | Research | Horse Collar |
| 9:34 | Create | Villager (Male) |
| 9:42 | Build | Farm |
| 9:42 | Build | Farm |
| 9:43 | Build | Farm |
| 9:44 | Build | Farm |
| 9:50 | Create | Villager (Male) |
| 10:12 | Create | Villager (Male) |
| 10:14 | Build | Farm |
| 10:26 | Build | Farm |
| 10:30 | Create | Villager (Male) |
| 10:45 | Create | Villager (Male) |
| 11:18 | Build | Market |
| 11:19 | Create | Villager (Male) |
| 11:26 | Create | Villager (Male) |
| 11:44 | Create | Villager (Male) |
| 12:35 | Create | Villager (Male) |
| 12:48 | Build | Archery Range |
| 13:05 | Create | Villager (Male) |
| 13:44 | Research | Castle Age |
| 13:44 | Research | Castle Age |
| 13:51 | Build | House |
| 13:57 | Build | House |
| 13:58 | Build | House |
| 14:00 | Build | House |
| 14:21 | Build | Mining Camp |
| 15:01 | Create | Villager (Male) |
| 15:27 | Build | Blacksmith |
| 15:52 | Create | Villager (Male) |
| 16:24 | Age | Castle Age |
| 16:53 | Build | Town Center |
| 16:55 | Create | Villager (Male) |
| 17:07 | Build | Town Center |
| 17:26 | Create | Villager (Male) |
| 17:46 | Create | Villager (Male) |
| 18:29 | Research | Heavy Plow |
| 18:39 | Research | Double-Bit Axe |
| 18:43 | Research | Wheelbarrow |
| 18:49 | Create | Villager (Male) |
| 18:53 | Create | Villager (Male) |
| 19:16 | Create | Villager (Male) |
| 19:17 | Create | Villager (Male) |
| 19:26 | Research | Bow Saw |
| 19:46 | Create | Cavalry Archer |
| 19:47 | Create | Cavalry Archer |
| 19:52 | Build | Farm |
| 20:07 | Create | Villager (Male) |
| 20:12 | Create | Villager (Male) |
| 20:35 | Create | Villager (Male) |
| 20:36 | Create | Villager (Male) |
| 20:37 | Create | Villager (Male) |
| 21:17 | Create | Villager (Male) |
| 21:18 | Create | Villager (Male) |
| 21:24 | Create | Villager (Male) |
| 21:26 | Create | Villager (Male) |
| 21:33 | Create | Cavalry Archer |
| 21:47 | Create | Villager (Male) |
| 21:58 | Create | Villager (Male) |
| 22:17 | Create | Villager (Male) |
| 22:19 | Create | Villager (Male) |
| 22:33 | Create | Villager (Male) |
| 22:34 | Create | Villager (Male) |
| 22:48 | Research | Heavy Plow |
| 22:48 | Research | Heavy Plow |
| 22:53 | Create | Cavalry Archer |
| 22:54 | Create | Cavalry Archer |
| 22:54 | Create | Cavalry Archer |
| 23:03 | Build | Siege Workshop |
| 23:09 | Create | Villager (Male) |
| 23:14 | Create | Villager (Male) |
| 23:19 | Create | Villager (Male) |
| 23:32 | Build | Farm |
| 23:32 | Build | Farm |
| 23:32 | Build | Farm |
| 23:34 | Build | Farm |
| 23:34 | Build | Farm |
| 23:34 | Build | Farm |
| 23:35 | Build | Farm |
| 23:35 | Build | Farm |
| 23:36 | Build | Farm |
| 23:38 | Build | Farm |
| 23:40 | Build | Farm |
| 23:48 | Create | Villager (Male) |
| 23:49 | Create | Villager (Male) |
| 23:51 | Create | Villager (Male) |
| 24:31 | Build | Castle |
| 24:34 | Create | Villager (Male) |
| 24:35 | Create | Villager (Male) |
| 24:36 | Create | Villager (Male) |
| 24:37 | Create | Villager (Male) |
| 24:43 | Create | Villager (Male) |
| 24:47 | Build | Farm |
| 24:50 | Build | Farm |
| 24:51 | Build | Farm |
| 25:02 | Build | Lumber Camp |
| 25:07 | Research | Gold Mining |
| 25:07 | Research | Stone Mining |
| 25:16 | Create | Villager (Male) |
| 25:18 | Create | Villager (Male) |
| 25:19 | Create | Villager (Male) |
| 25:22 | Build | Farm |
| 25:45 | Create | Villager (Male) |
| 25:47 | Create | Villager (Male) |
| 25:52 | Create | Cavalry Archer |
| 25:52 | Create | Cavalry Archer |
| 26:03 | Build | Farm |
| 26:04 | Build | Farm |
| 26:04 | Build | Farm |
| 26:05 | Build | Farm |
| 26:05 | Build | Farm |
| 26:05 | Build | Farm |
| 26:05 | Build | Farm |
| 26:05 | Build | Farm |
| 26:06 | Build | Farm |
| 26:08 | Create | Villager (Male) |
| 26:09 | Create | Villager (Male) |
| 26:12 | Create | Keshik |
| 26:12 | Create | Keshik |
| 26:15 | Create | Archer |
Match timeline
| 6:22 | Rey_Filosofo1312 · age_up feudal |
| 7:30 | THRASHER171 · age_up feudal |
| 9:33 | Rey_Filosofo1312 · first_market_buy 100 food |
| 10:19 | Rey_Filosofo1312 · first_market_sell 100 wood |
| 12:48 | THRASHER171 · first_building Archery Range |
| 13:23 | Rey_Filosofo1312 · age_up castle |
| 15:09 | Rey_Filosofo1312 · first_building Monastery |
| 16:24 | THRASHER171 · age_up castle |
| 17:46 | Rey_Filosofo1312 · first_building Archery Range |
| 20:04 | THRASHER171 · first_market_buy 100 food |
| 21:21 | Rey_Filosofo1312 · first_building Stable |
| 23:03 | THRASHER171 · first_building Siege Workshop |
| 24:07 | Rey_Filosofo1312 · first_building Castle |
| 24:31 | THRASHER171 · first_building Castle |
| 28:43 | THRASHER171 · first_building Monastery |
| 32:11 | THRASHER171 · age_up imperial |
| 33:44 | Rey_Filosofo1312 · age_up imperial |
| 34:28 | THRASHER171 · first_building Stable |
| 38:12 | THRASHER171 · wall_segment Stone Wall x38 |
| 39:37 | Rey_Filosofo1312 · first_building Barracks |
| 40:32 | THRASHER171 · first_market_sell 100 wood |
| 42:57 | THRASHER171 · wall_segment Stone Wall x19 |
| 50:34 | THRASHER171 · wall_segment Stone Wall x73 |
| 50:42 | THRASHER171 · wall_segment Stone Wall x30 |
| 50:47 | THRASHER171 · wall_segment Stone Wall x31 |
| 50:49 | THRASHER171 · wall_segment Stone Wall x25 |
| 50:50 | THRASHER171 · wall_segment Stone Wall x35 |
| 50:51 | THRASHER171 · wall_segment Stone Wall x23 |
| 50:52 | THRASHER171 · wall_segment Stone Wall x33 |
| 51:46 | THRASHER171 · wall_segment Stone Wall x20 |
| 51:46 | THRASHER171 · wall_segment Stone Wall x16 |
| 51:47 | THRASHER171 · wall_segment Stone Wall x26 |
| 51:47 | THRASHER171 · wall_segment Stone Wall x22 |
| 51:48 | THRASHER171 · wall_segment Stone Wall x22 |
| 51:48 | THRASHER171 · wall_segment Stone Wall x22 |
| 51:49 | THRASHER171 · wall_segment Stone Wall x39 |
| 51:50 | THRASHER171 · wall_segment Stone Wall x26 |
| 51:51 | THRASHER171 · wall_segment Stone Wall x25 |
| 51:51 | THRASHER171 · wall_segment Stone Wall x24 |
| 51:51 | THRASHER171 · wall_segment Stone Wall x30 |
| 51:52 | THRASHER171 · wall_segment Stone Wall x24 |
| 51:52 | THRASHER171 · wall_segment Stone Wall x16 |
| 51:53 | THRASHER171 · wall_segment Stone Wall x17 |
| 51:53 | THRASHER171 · wall_segment Stone Wall x13 |
| 51:54 | THRASHER171 · wall_segment Stone Wall x12 |
| 51:54 | THRASHER171 · wall_segment Stone Wall x12 |
| 51:54 | THRASHER171 · wall_segment Stone Wall x23 |
| 51:55 | THRASHER171 · wall_segment Stone Wall x27 |
| 51:57 | THRASHER171 · wall_segment Stone Wall x29 |
| 51:57 | THRASHER171 · wall_segment Stone Wall x15 |
| 51:57 | THRASHER171 · wall_segment Stone Wall x17 |
| 51:58 | THRASHER171 · wall_segment Stone Wall x14 |
| 51:58 | THRASHER171 · wall_segment Stone Wall x17 |
| 51:59 | THRASHER171 · wall_segment Stone Wall x18 |
| 51:59 | THRASHER171 · wall_segment Stone Wall x16 |
| 52:00 | THRASHER171 · wall_segment Stone Wall x11 |
| 52:00 | THRASHER171 · wall_segment Stone Wall x13 |
| 52:02 | THRASHER171 · wall_segment Stone Wall x17 |
| 52:02 | THRASHER171 · wall_segment Stone Wall x21 |
| 52:03 | THRASHER171 · wall_segment Stone Wall x14 |
| 52:03 | THRASHER171 · wall_segment Stone Wall x10 |
| 52:04 | THRASHER171 · wall_segment Stone Wall x12 |
| 52:04 | THRASHER171 · wall_segment Stone Wall x11 |
| 52:04 | THRASHER171 · wall_segment Stone Wall x11 |
| 52:05 | THRASHER171 · wall_segment Stone Wall x9 |
[ AI ANALYSIS · 1 CREDIT ]
What really happened in this match?
Wolo.gg analyzes every decision: build order, eco, micro, common mistakes by bracket. Personalized analysis on WhatsApp or Discord in 30 seconds.
Civ guide
Lithuanians
Map guide
Fortress
Perfil
Jugador #4577641